 Dungeon Crawl Stone Soup version 0.25-a0-697-g890751e744 (webtiles) character file.

Game seed: 2286685837636909527, levelgen mode: deterministic

644 Esekla the Skirmisher (level 7, 0/56 HPs)
             Began as a Formicid Abyssal Knight on Apr 1, 2020.
             Was a Priest of Lugonu.
             Slain by a centaur (6 damage)
             ... on level 5 of the Dungeon.
             The game lasted 00:35:19 (4020 turns).

Esekla the Skirmisher (Formicid Abyssal Knight)     Turns: 4020, Time: 00:35:20

Health: 0/56       AC:  4    Str: 18    XL:     7   Next: 82%
Magic:  8/8        EV: 12    Int: 11    God:    Lugonu [***...]
Gold:   351        SH:  0    Dex: 11    Spells: 6/6 levels left

rFire    . . .     SeeInvis +   a - +2 falchion
rCold    . . .     Gourm    .   (no shield)
rNeg     . . .     Faith    .   b - +0 leather armour
rPois    .         Spirit   .   (helmet unavailable)
rElec    .         Reflect  .   z - +0 cloak (curse)
rCorr    .         Harm     .   (no gloves)
MR       .....                  (no boots)
Stlth    ++........             (no amulet)
HPRegen  0.18/turn              f - +4 ring of slaying
MPRegen  0.11/turn              t - ring of stealth

@: no status effects
A: permanent stasis, dig shafts and tunnels, four strong arms, antennae 3
a: Dig, Shaft Self, Depart the Abyss, Bend Space, Banish, Renounce Religion


You were on level 5 of the Dungeon.
You worshipped Lugonu.
Lugonu was most pleased with you.
You were not hungry.

You visited 1 branch of the dungeon, and saw 5 of its levels.
You visited the Abyss 1 time.

You collected 351 gold pieces.

Inventory:

Hand Weapons
 a - a +2 falchion (weapon)
 n - a +0 spear
 v - a +0 short sword of venom
Missiles
 q - 65 poisoned darts (quivered)
 s - 7 curare-tipped darts
 H - 2 boomerangs
Armour
 b - a +0 leather armour (worn)
 l - +0 fire dragon scales
 z - a cursed +0 cloak (worn)
Jewellery
 f - a +4 ring of slaying (left hand)
 g - an uncursed ring of protection from fire
 t - a ring of stealth (right hand)
 G - an uncursed ring of wizardry
Wands
 x - a wand of iceblast (6)
Scrolls
 d - 3 scrolls of amnesia
 h - 2 scrolls of enchant weapon
 r - 2 scrolls of enchant armour {unknown}
 u - a scroll of fog {unknown}
 w - a scroll of fear {unknown}
 A - a scroll of remove curse {unknown}
 C - a scroll of identify {unknown}
Potions
 e - a potion of heal wounds {unknown}
 i - a potion of magic {unknown}
 j - a potion of haste {unknown}
 k - 2 potions of brilliance
 m - 2 potions of degeneration {unknown}
 o - 2 potions of berserk rage {unknown}
 p - a potion of curing
 y - 2 potions of cancellation {unknown}
 B - a potion of ambrosia {unknown}
 D - a potion of might {unknown}
 E - a potion of lignification {unknown}
 F - a potion of resistance {unknown}
Comestibles
 c - 7 rations


   Skills:
 * Level 5.5 Fighting
 + Level 0.6(3.4) Short Blades
 + Level 5.4(5.5) Long Blades
 + Level 2.2 Throwing
 + Level 3.4 Armour
 + Level 1.8 Dodging
 + Level 0.8 Stealth
 + Level 2.4 Invocations


You had 6 spell levels left.
You didn't know any spells.
Your spell library was empty.

Dungeon Overview and Level Annotations

Branches:
Dungeon (5/15)
 Temple: D:4-7

Altars:
Qazlal


Innate Abilities, Weirdness & Mutations

You cannot be hasted, slowed, berserked, paralysed or teleported.
You can dig through walls and to a lower floor.
Your four strong arms can wield two-handed weapons with a shield.
You have a pair of large antennae on your head. (SInv)


Message History

The centaur hits you.
You closely miss the centaur.
The centaur is heavily wounded.
The centaur hits you but does no damage.
You hit the centaur.
The centaur is severely wounded.
The centaur hits you. x2
You barely miss the centaur.
The centaur is severely wounded.
The centaur hits you!
* * * LOW HITPOINT WARNING * * *
The centaur hits you!
* * * LOW HITPOINT WARNING * * *
You hit the centaur.
The centaur is almost dead.
The centaur closely misses you.
You closely miss the centaur.
The centaur is almost dead.
The centaur hits you.
You die...

#.# #.# ###########.#
#...........#
#.#########.# #.#
#####.### #.#
#.......# #######(#
#.......# .......@#
#.......####
......c.#
#####.......
.........
............>
........#.
.........####
........#.#########.#
# .######.# # #.# #
### ..# # ..# # ....
.


You could see a centaur.

Vanquished Creatures
  An ogre (D:4)
  A scorpion (D:4)
  A howler monkey (D:4)
  2 hounds (D:4)
  A bullfrog skeleton (D:4)
  A centaur skeleton (D:4)
  Ijyb (D:3)
  Terence (D:3)
  3 worker ants
  An iguana (D:5)
  A worker ant zombie (D:5)
  3 adders
  7 gnolls
  4 worms
  4 dart slugs (D:1)
  3 leopard geckos
  An orc (D:5)
  2 ball pythons
  2 giant cockroaches (D:2)
  8 goblins
  11 hobgoblins
  4 jackals (D:2)
  5 kobolds
  6 quokkas
  10 bats
  4 frilled lizards
  A leopard gecko skeleton (D:4)
  5 rats
94 creatures vanquished.

Notes
Turn   | Place    | Note
-------+----------+-------------------------------------------
     0 | Abyss:1  | Esekla the Formicid Abyssal Knight began the quest for the
                  | Orb.
     0 | Abyss:1  | Reached XP level 1. HP: 18/18 MP: 2/2
   106 | Abyss:3  | Noticed a great orb of eyes
   137 | Abyss:4  | Noticed a large abomination
   161 | D:1      | Escaped the Abyss
   196 | D:1      | Reached XP level 2. HP: 25/25 MP: 3/3
   206 | D:1      | Reached * piety under Lugonu
   372 | D:1      | Reached XP level 3. HP: 27/30 MP: 4/4
   802 | D:1      | Reached XP level 4. HP: 23/38 MP: 5/5
   941 | D:1      | Reached ** piety under Lugonu
  1830 | D:3      | Found a stormy altar of Qazlal,
  1832 | D:3      | Noticed a fire elemental
  2020 | D:3      | Noticed an air elemental
  2024 | D:3      | Noticed a water elemental
  2027 | D:3      | Noticed an earth elemental
  2030 | D:3      | Noticed Ijyb
  2040 | D:3      | Noticed Terence
  2042 | D:3      | Killed Ijyb
  2042 | D:3      | Reached skill level 1 in Throwing
  2042 | D:3      | Reached XP level 5. HP: 31/43 MP: 6/6
  2062 | D:3      | Killed Terence
  2062 | D:3      | Reached skill level 1 in Dodging
  2444 | D:4      | Reached skill level 5 in Fighting
  2444 | D:4      | Reached XP level 6. HP: 42/51 MP: 7/7
  2466 | D:4      | Noticed an ogre
  2673 | D:4      | Killed an ogre
  2862 | D:4      | Reached XP level 7. HP: 48/56 MP: 8/8
  2876 | D:4      | Reached *** piety under Lugonu
  2882 | D:4      | Reached skill level 5 in Long Blades
  3564 | D:5      | Entered Level 5 of the Dungeon
  4020 | D:5      | Slain by a centaur

Levels and vault maps discovered:
D:1:      nzn_arrival_settlement, layout_rooms
D:2:      layout_rooms
D:3:      layout_loops_cross, first_ration, hex_tiny,
          nicolae_qazlal_style_of_elements, uniq_terence, uniq_ijyb
D:4:      wander_river, layout_rooms, grunt_ministairs_3,
          minmay_increasing_density
D:5:      layout_basic, gammafunk_temple_overflow_forgotten

Skill      XL: |  1  2  3  4  5  6  7 |
---------------+----------------------+-----
Fighting       | 4 5 |  5.5
Throwing       | 1 2 |  2.2
Armour         | 3 |  3.4
Dodging        | 1 |  1.8
Long Blades    | 3 4 5 |  5.4
Short Blades   | |  0.6
Stealth        | |  0.8
Invocations    | |  2.4

Action                   |  1- 3 |  4- 6 |  7- 9 || total
-------------------------+-------+-------+-------++-------
Melee: Falchion          |    90 |    98 |    60 ||   248
       Short sword       |       |     6 |     2 ||     8
Throw: Dart              |       |    13 |     6 ||    19
Invok: Depart the Abyss  |     1 |       |       ||     1
       Bend Space        |       |     1 |       ||     1
  Use: Scroll            |       |     7 |       ||     7
       Potion            |       |     2 |       ||     2
 Stab: Sleeping          |       |     1 |       ||     1
  Eat: Chunk             |       |     6 |     4 ||    10
Armor: Leather armour    |    24 |    30 |     6 ||    60
Dodge: Dodged            |    52 |    67 |    34 ||   153
       Rpst.: Falchion   |    17 |    19 |    11 ||    47

Table legend:
 A = Non-vault XP
 B = Vault XP
 C = Vault XP percentage of total XP
 D = Non-vault monster count
 E = Vault monster count
 F = Vault count percentage of total count
                 A         B        C        D         E       F
            +---------+---------+-------+---------+---------+-------
      Total |     808 |     113 |  12.3 |      88 |       6 |   6.4
            +---------+---------+-------+---------+---------+-------
        D:1 |      58 |       0 |   0.0 |      28 |       0 |   0.0
        D:2 |      44 |       0 |   0.0 |      24 |       0 |   0.0
        D:3 |      33 |      72 |  68.6 |      10 |       2 |  16.7
        D:4 |     553 |      41 |   6.9 |      20 |       4 |  16.7
        D:5 |     120 |       0 |   0.0 |       6 |       0 |   0.0
            +---------+---------+-------+---------+---------+-------
